 Dungeon Crawl Stone Soup version 0.30-a0-782-ge64f9170bb (webtiles) character file.

Game seed: 16068751457884690220

51 Leeroy the Slasher (level 3, -1/18 HPs)
             Began as a Vine Stalker Warper on Feb 19, 2023.
             Slain by an adder (3 damage)
             ... on level 3 of the Dungeon.
             The game lasted 00:02:10 (1090 turns).

Leeroy the Slasher (Vine Stalker Warper)            Turns: 1090, Time: 00:02:10

Health: -1/18      AC:  4    Str: 13    XL:     3   Next: 81%
Magic:  0/7        EV: 11    Int: 13    God:
Gold:   78         SH:  0    Dex: 15    Spells: 6/6 levels left

rFire   + . .      SeeInvis .    a - +0 falchion
rCold   + . .      Faith    .    (no shield)
rNeg    . . .      Spirit   +    b - +0 leather armour
rPois   .          Reflect  .    (no helmet)
rElec   .          Harm     .    o - scarf {rC+ rF+}
rCorr   .          Rampage  .    g - +0 pair of gloves
Will    .....                    (no boots)
Stlth   +                        (no amulet)
HPRegen 0.23/turn                (no ring)
MPRegen 0.10/turn                (no ring)

@: no status effects
A: fangs 2, magic shield, antimagic bite, no potion heal 2
a: no special abilities


You were on level 3 of the Dungeon.
You visited 1 branch of the dungeon, and saw 3 of its levels.

You collected 78 gold pieces.

Inventory:

Hand Weapons
 a - a +0 falchion (weapon)
Missiles
 d - 11 boomerangs of dispersal (quivered)
Armour
 b - a +0 leather armour (worn)
 g - a +0 pair of gloves (worn)
 o - a scarf of resistance (worn)
Scrolls
 e - a scroll of noise {unknown}
 l - 2 scrolls of identify {unknown}
 m - a scroll of teleportation {unknown}
 p - a scroll of poison {unknown}
Potions
 f - a potion of attraction {unknown}
 h - a potion of might {unknown}
 i - a potion of curing {unknown}
 j - a potion of cancellation {unknown}
 k - a potion of flight {unknown}
 n - a potion of heal wounds {unknown}


   Skills:
 - Level 1.7 Fighting
 + Level 3.6 Long Blades
 - Level 0.8 Throwing
 - Level 0.7 Armour
 - Level 1.5 Dodging
 - Level 2.1 Spellcasting
 - Level 3.0 Translocations


You had 6 spell levels left.
You didn't know any spells.
Your spell library contained the following spells:

 Spells                   Type           Power      Damage    Failure   Level
 Blink                    Tloc           18%        N/A       14%         2
 Lesser Beckoning         Tloc           18%        N/A       14%         2
 Teleport Other           Tloc           9%         N/A       28%         3
 Magic Dart               Conj           4%         1d3       32%         1
 Call Imp                 Summ           1%         N/A       43%         2
 Vhi's Electric Charge    Tloc/Air       10%        N/A       45%         3
 Mephitic Cloud           Conj/Pois/Air  1%         N/A       67%         3
 Manifold Assault         Tloc           9%         N/A       67%         4


Dungeon Overview and Level Annotations

Branches:
Dungeon (3/15)

Altars:


Innate Abilities, Weirdness & Mutations

You have extremely sharp teeth.
When hurt, damage is shared between your health and your magic reserves.
Your bite disrupts and absorbs the magic of your enemies.
Potions cannot restore your health.


Message History

The hobgoblin closely misses you.
The hobgoblin hits you but does no damage.
The adder zombie bites you but does no damage.
You closely miss the adder zombie.
The adder zombie bites you but does no damage.
The hobgoblin completely misses you.
You barely miss the adder zombie. The adder zombie barely misses you.
The hobgoblin barely misses you.
You barely miss the hobgoblin. You bite the hobgoblin. You drain its power.
You feel invigorated.
The hobgoblin is heavily wounded.
The ball python closely misses you. x2; The adder zombie closely misses you.
The hobgoblin barely misses you.
You closely miss the hobgoblin.
The hobgoblin is heavily wounded.
The ball python bites you but does no damage.
The ball python closely misses you.
The adder zombie bites you but does no damage.
The hobgoblin barely misses you.
The ball python bites you but does no damage.
The ball python grabs you. The ball python constricts you.
You barely miss the hobgoblin.
The hobgoblin is heavily wounded.
The adder zombie bites you. The hobgoblin hits you.
* * * LOW HITPOINT WARNING * * *
The ball python bites you.
* * * LOW HITPOINT WARNING * * *
The ball python constricts you. The adder zombie bites you.
* * * LOW HITPOINT WARNING * * *
The adder hisses angrily.
You slash the ball python!
You kill the ball python!
The hobgoblin hits you. The adder zombie closely misses you.
You hit the hobgoblin.
You kill the hobgoblin!
The adder zombie bites you but does no damage.
The adder barely misses you.
You barely miss the adder zombie. The adder zombie misses you.
The adder bites you.
You die...

..# #.# .## #.# .# #..
.# ### .# #.# .## #.# #
..## ##.########.#
...######.......?Z..##
...........#....@S...#
...######..#.#######....
#.## #..#.# #
#.#######....#
#.....>......#
############.# #.# #.#
#..


You could see an adder and an adder zombie.

Vanquished Creatures
  2 adders
  2 endoplasms
  4 giant cockroaches
  A goblin (D:1)
  4 hobgoblins
  4 jackals (D:1)
  3 kobolds
  3 quokkas
  2 ball pythons
  2 frilled lizards
  A rat (D:1)
28 creatures vanquished.

Vanquished Creatures (others)
  A withered plant (D:3)
1 creature vanquished.

Grand Total: 29 creatures vanquished

Notes
Turn   | Place    | Note
-------+----------+-------------------------------------------
     0 | D:1      | Leeroy the Vine Stalker Warper began the quest for the Orb.
     0 | D:1      | Reached XP level 1. HP: 11/11 MP: 4/4
   124 | D:1      | Reached XP level 2. HP: 15/15 MP: 6/6
   167 | D:1      | Found a faded altar of an unknown god.
   755 | D:2      | Reached XP level 3. HP: 18/18 MP: 5/7
  1090 | D:3      | Slain by an adder

Illustrated notes

Levels and vault maps discovered:
D:1:      lightli_arrival_statue_moat, layout_rooms,
          chequers_ecumenical_altar_simple_redux, patterned_corridor
D:2:      layout_basic, serial_bayou_pond_d
D:3:      layout_loops_ring, serial_undead, serial_undead_a, serial_undead_d,
          serial_undead_e, serial_undead_e, serial_undead_b, serial_undead_f

Skill      XL: |  1  2 |
---------------+-------+-----
Long Blades    | 2 3 |  3.6
Fighting       | |  1.7
Throwing       | |  0.8
Armour         | |  0.7
Dodging        | |  1.5
Spellcasting   | |  2.1
Translocations | |  3.0

Action                     || total
---------------------------++-------
  Melee: Falchion          ||    95
         Bite              ||    19
         Punch             ||     3
    Use: Scroll            ||     1
   Stab: Sleeping          ||     1
 Armour: Leather armour    ||    37
  Dodge: Dodged            ||    82

Table legend: (Time is in decaauts)
 A = Elapsed time spent in this place.
 B = Non-inter-level travel time spent in this place.
 C = Inter-level travel time spent in this place.
 D = Time resting spent in this place.
 E = Time spent auto-exploring this place.
 F = Levels seen in this place.
 G = Mean time per level.
                   A        B        C        D        E       F      G
               +--------+--------+--------+--------+--------+-----+--------+
         Total |   1106 |   1094 |     12 |      0 |    847 |   3 |  368.7 |
       Dungeon |   1106 |   1094 |     12 |      0 |    847 |   3 |  368.7 |
               +--------+--------+--------+--------+--------+-----+--------+

Top non-repeatable levels by time:
     D:1: 755 daAuts
     D:2: 200 daAuts
     D:3: 149 daAuts
